 Dungeon Crawl Stone Soup version 0.27-a0-1049-g450f9b2e0d (webtiles) character file.

Game seed: 7171767979225915855

2060 funkygono the Firebug (level 9, 0/49 HPs)
             Began as a Gargoyle Fire Elementalist on Apr 21, 2021.
             Slain by an orc wizard
             ... wielding a +0 dagger
              (3 damage)
             ... on level 7 of the Dungeon.
             The game lasted 00:14:43 (8294 turns).

funkygono the Firebug (Gargoyle Fire Elementalist)  Turns: 8294, Time: 00:14:44

Health: 0/49       AC: 11    Str: 13    XL:     9   Next: 25%
Magic:  18/18      EV: 12    Int: 21    God:
Gold:   551        SH:  0    Dex: 10    Spells: 7/20 levels left

rFire    . . .     SeeInvis .   d - +0 long sword (vorpal)
rCold    . . .     Faith    .   (no shield)
rNeg     + . .     Spirit   .   a - +0 robe
rPois    ∞         Reflect  .   u - +2 helmet {Int+3}
rElec    +         Harm     .   (no cloak)
rCorr    .         Rampage  .   (no gloves)
Will     .....                  (no boots)
Stlth    ++........             (no amulet)
HPRegen  0.16/turn              (no ring)
MPRegen  0.16/turn              (no ring)

@: no status effects
A: AC +6, negative energy resistance 1, electricity resistance, torment
resistance 1, unbreathing 1, petrification resistance
a: no special abilities


You were on level 7 of the Dungeon.
You visited 2 branches of the dungeon, and saw 9 of its levels.

You collected 551 gold pieces.

Inventory:

Hand Weapons
 d - a +0 vorpal long sword (weapon)
 f - a +0 whip
Missiles
 k - 157 stones
Armour
 a - a +0 robe (worn)
 e - a +0 leather armour
 n - a +0 chain mail
 p - a +0 scale mail
 u - a +2 helmet of intelligence (worn)
Magical Staves
 q - a staff of cold
Jewellery
 x - a ring of resist corrosion
Wands
 t - a wand of iceblast (8)
 v - a wand of acid (7)
 z - a wand of flame (16)
Scrolls
 l - a scroll of teleportation
 s - a scroll of fear
 w - a scroll of noise {unknown}
Potions
 b - a potion of heal wounds {unknown}
 c - 2 potions of cancellation {unknown}
 g - a potion of might {unknown}
 h - 3 potions of lignification
 i - 3 potions of curing {unknown}
 j - a potion of haste {unknown}
 m - 2 potions of flight {unknown}
 o - a potion of magic {unknown}
 r - a potion of berserk rage {unknown}


   Skills:
 + Level 2.6 Fighting
 + Level 2.9 Long Blades
 + Level 2.4 Dodging
 - Level 2.1 Stealth
 * Level 6.3 Spellcasting
 * Level 6.1 Conjurations
 * Level 7.1 Fire Magic


You had 7 spell levels left.
You knew the following spells:

 Your Spells              Type           Power      Damage    Failure   Level
a - Foxfire               Conj/Fire      100%       2x1d9     1%          1
b - Conjure Flame         Conj/Fire      34%        6-21      1%          3
c - Sticky Flame          Conj/Fire      34%        2d5       6%          4
d - Fireball              Conj/Fire      17%        3d9       17%         5

Your spell library contained the following spells:

 Spells                   Type           Power      Damage    Failure   Level
 Shock                    Conj/Air       76%        1d7       2%          1
 Static Discharge         Conj/Air       19%        N/A       4%          2
 Inner Flame              Hex/Fire       21%        N/A       7%          3
 Dazzling Flash           Conj/Hex       38%        N/A       9%          3
 Corona                   Hex            6%         N/A       10%         1
 Confusing Touch          Hex            6%         N/A       28%         3
 Gell's Gravitas          Tloc           3%         N/A       28%         3
 Swiftness                Air            6%         N/A       28%         3
 Tukima's Dance           Hex            6%         N/A       28%         3
 Lightning Bolt           Conj/Air       9%         1d22      58%         5
 Airstrike                Air            3%         N/A       67%         4
 Petrify                  Tmut/Erth      6%         N/A       67%         4
 Metabolic Englaciation   Hex/Ice        3%         N/A       95%         5
 Silence                  Hex/Air        3%         N/A       95%         5
 Yara's Violent Unravell  Hex/Tmut       3%         3d4       95%         5


Dungeon Overview and Level Annotations

Branches:
Dungeon (8/15)             Temple (1/1) D:4
   Lair: D:8-11

Altars:
Ashenzari
Cheibriados
Dithmenos
Fedhas
Gozag
Hepliaklqana
Kikubaaqudgha
Makhleb
Okawaru
Qazlal
Trog
Uskayaw
Wu Jian
Xom
The Shining One


Innate Abilities, Weirdness & Mutations

Your stone body is resilient. (AC +6)
You are immune to poison.
You resist negative energy. (rN+)
You are resistant to electric shocks. (rElec)
You are resistant to unholy torment.
You can survive without breathing.
You are immune to petrification.


Message History

You slash the orc!
You kill the orc!
You hear some strange, mumbled words.
You are more confused.
There's something in the way.
There's something in the way.
There's something in the way.
You swing at nothing.
Your transformation is almost over.
Something hits you but does no damage.
You nearly hit yourself!
Something hits you but does no damage.
You swing at nothing.
Something hits you but does no damage. x2
There's something in the way.
You completely miss something. Something hits you but does no damage.
You closely miss something. Something hits you but does no damage.
There's something in the way.
There's something in the way.
You swing at nothing.
Something hits you but does no damage.
You nearly hit yourself!
Something hits you but does no damage.
You hit something but do no damage.
You feel less confused. Something hits you.
* * * LOW HITPOINT WARNING * * *
You miss something.
Something hits you but does no damage. x2
You hit something.
You feel less wooden.
Your +2 helmet of intelligence unmelds from your body.
Your +0 robe unmelds from your body.
You feel clever. Something hits you but does no damage.
You closely miss something. Something hits you.
* * * LOW HITPOINT WARNING * * *
Something hits you.
* * * LOW HITPOINT WARNING * * *
Okay, then.
You hit something.
Something hits you but does no damage. x2
You barely miss something.
An orc wizard appears from thin air!
Reactivating autopickup.
The orc wizard hits you with a +0 dagger.
You die...

.# .#######.###.## ##
##.#.#.#.#.##.o# .#
#...........##o## .#
##.#.#.#.#.###.{# .#
#............##.#
.#########.#.#.#.#.#.##.####.##
..†............................
..†.######.#.#.#o#.#.##.#######
....## #.....>.@).).##.# .....#
##.#.#.#)#.####.#
........#...........# #.#
........##.#.#.#.#.## #..
........#>#.<##..[## ##.
###.....+.#..##.#.# . .....# #.
#.#.# .....# # #.#.# .... #.#.#


You could see an orc wizard.

Vanquished Creatures
  A water moccasin (D:5)
  2 sky beasts
  2 ogres
  An orc warrior (D:7)
  3 necrophages
  A phantom (D:4)
  A bullfrog (D:7)
  A scorpion (D:4)
  A wyvern skeleton (D:7)
  A water moccasin skeleton (D:4)
  4 wights (D:7)
  A howler monkey (D:4)
  A jelly (D:5)
  A bullfrog zombie (D:5)
  6 hounds
  A gnoll shaman (D:5)
  4 orc priests
  2 bullfrog skeletons
  Terence (D:2)
  2 scorpion zombies (D:5)
  An orc wizard (D:4)
  A howler monkey skeleton (D:5)
  5 adders
  7 gnolls
  A worm (D:3)
  A dart slug (D:1)
  10 orcs
  20 ball pythons
  9 endoplasms
  2 giant cockroaches (D:4)
  5 goblins
  4 hobgoblins
  12 jackals
  7 kobolds
  4 quokkas
  9 bats
  3 frilled lizards
  5 rats
143 creatures vanquished.

Vanquished Creatures (collateral kills)
  8 foxfires
8 creatures vanquished.

Vanquished Creatures (others)
  457 foxfires
  2 fungi (D:4)
  4 plants (D:2)
  5 toadstools (D:4)
468 creatures vanquished.

Grand Total: 619 creatures vanquished

Notes
Turn   | Place    | Note
-------+----------+-------------------------------------------
     0 | D:1      | funkygono the Gargoyle Fire Elementalist began the quest
                  | for the Orb.
     0 | D:1      | Reached XP level 1. HP: 10/10 MP: 3/3
    99 | D:1      | Reached XP level 2. HP: 4/15 MP: 0/5
   649 | D:1      | Reached XP level 3. HP: 19/19 MP: 4/6
   745 | D:1      | Learned a level 3 spell: Conjure Flame
  1054 | D:1      | Reached skill level 4 in Fire Magic
  1321 | D:2      | Reached XP level 4. HP: 22/24 MP: 3/7
  1959 | D:2      | Noticed Terence
  1972 | D:2      | Killed Terence
  2386 | D:2      | Reached XP level 5. HP: 28/28 MP: 7/9
  2622 | D:2      | Learned a level 4 spell: Sticky Flame
  3470 | D:3      | Found a glowing golden altar of the Shining One.
  3540 | D:3      | Found a stormy altar of Qazlal.
  3540 | D:3      | Found a hazy altar of Hepliaklqana.
  4277 | D:4      | Reached skill level 5 in Fire Magic
  4277 | D:4      | Reached XP level 6. HP: 19/33 MP: 4/10
  4680 | D:4      | Found a shimmering altar of Xom.
  4799 | D:4      | Found a staircase to the Ecumenical Temple.
  4812 | Temple   | Entered the Ecumenical Temple
  5281 | D:4      | Noticed a necrophage
  5297 | D:4      | Killed a necrophage
  5298 | D:4      | Reached skill level 1 in Long Blades
  5298 | D:4      | Reached XP level 7. HP: 21/37 MP: 0/13
  5544 | D:4      | Reached skill level 1 in Fighting
  6114 | D:4      | Learned a level 5 spell: Fireball
  6153 | D:5      | Entered Level 5 of the Dungeon
  6420 | D:5      | Reached skill level 6 in Fire Magic
  6420 | D:5      | Reached XP level 8. HP: 38/43 MP: 8/15
  6468 | D:5      | Identified the Handbook of the Arsonist and Beguiling
  6931 | D:5      | Reached skill level 5 in Spellcasting
  7338 | D:5      | Found an opulent altar of Gozag.
  7399 | D:5      | Reached skill level 5 in Conjurations
  7589 | D:5      | Found a burning altar of Makhleb.
  7676 | D:5      | Identified a scroll of acquirement
  7676 | D:5      | Acquired a +2 helmet of intelligence
  7800 | D:6      | You fall into a shaft and drop 2 floors!
  7993 | D:7      | Reached XP level 9. HP: 46/49 MP: 11/17
  8065 | D:7      | Reached skill level 7 in Fire Magic
  8292 | D:7      | HP: 2/49 [something (4)]
  8294 | D:7      | Slain by an orc wizard

Illustrated notes

Levels and vault maps discovered:
D:1:      minmay_arrival_split_and_join, layout_basic, grunt_decor_arrowhead
D:2:      layout_basic, st_stairs_9, minmay_shallow_snake_nest, uniq_terence
D:3:      layout_loops_corners, general_overflow_altar,
          amethyst_overflow_temple_binary
D:4:      layout_basic, amcnicky_altar_gilded, minmay_temple_entry_mist,
          kennysheep_diamond, minmay_gold_behind_fungi
D:5:      layout_loops_cross, grunt_gozag_statues, lemuel_doored_altar,
          cheibrodos_gnoll_hut
D:6:      minmay_cornered_nines, layout_basic, nicolae_ru_path_of_blood,
          overflow_temple_1_default, overflow_temple_1_default, serial_shops,
          shop
D:7:      layout_basic, zin_statuary, nemelex_diamond_rough_becter, st_stairs_10
D:8:      layout_basic, lemuel_zombie_altar_yredelemnul
Temple:   compressed_dpeg_triangle_lava_temple

Skill      XL: |  1  2  3  4  5  6  7  8  9 |
---------------+----------------------------+-----
Fire Magic     | 4 5 6 7 |  7.1
Conjurations   | 2 3 4 5 6 |  6.1
Dodging        | 2 |  2.4
Spellcasting   | 3 4 5 6 |  6.3
Long Blades    | 1 2 |  2.9
Fighting       | 1 2 |  2.6
Stealth        | |  2.1

Action                   |  1- 3 |  4- 6 |  7- 9 || total
-------------------------+-------+-------+-------++-------
Melee: Long sword        |     7 |    53 |    97 ||   157
 Cast: Foxfire           |    45 |   117 |   121 ||   283
       Sticky Flame      |       |       |     2 ||     2
       Conjure Flame     |       |       |     1 ||     1
  Use: Scroll            |     1 |     5 |     4 ||    10
       Potion            |       |       |     1 ||     1
 Stab: Sleeping          |     1 |       |       ||     1
Armor: Robe              |     8 |    27 |    56 ||    91
       Skin              |       |       |    61 ||    61
Dodge: Dodged            |    14 |    62 |    87 ||   163
       Rpst.: Long sword |       |    19 |    24 ||    43

Table legend: (Time is in decaauts)
 A = Elapsed time spent in this place.
 B = Non-inter-level travel time spent in this place.
 C = Inter-level travel time spent in this place.
 D = Time resting spent in this place.
 E = Time spent auto-exploring this place.
 F = Levels seen in this place.
 G = Mean time per level.
                   A        B        C        D        E       F      G
               +--------+--------+--------+--------+--------+-----+--------+
         Total |   8352 |   8170 |    182 |    445 |   6505 |   9 |  928.0 |
       Dungeon |   8036 |   7871 |    165 |    445 |   6215 |   8 | 1004.5 |
        Temple |    315 |    299 |     16 |      0 |    290 |   1 |  315.0 |
               +--------+--------+--------+--------+--------+-----+--------+

Top non-repeatable levels by time:
     D:4: 1834 daAuts
     D:5: 1591 daAuts
     D:2: 1461 daAuts
     D:3: 1332 daAuts
     D:1: 1242 daAuts
     D:7: 505 daAuts
  Temple: 315 daAuts
     D:6: 63 daAuts
     D:8: 5 daAuts
